Unix NetHack Version 3.7.0-97 Work-in-progress - last build Jan 15 2024 16:18:24 (bf5c21b99e62e8a7a5668a06ec9a5d408df58fe5,branch:master). Game began 2024-01-15 21:24:10, ended 2024-01-20 00:40:28. cyc, neutral male gnomish Archeologist ----------- ----- #+.$$$$$$$$$| ##....| ####|.$$$$$$$$$| --------- # |....0 # ##+.$$$$$$$$$| |.......| ------- ##-..[|# # # ---------- - .....<..| |.....|#### -----# ### |.(.....| |.....|# # # ###### -----.--- |..%..-# # #### # --|---- # #------ #^ - ------ # # #|...`| ############# ........ # # #|^.>..## # q.!......| # # #-....| @qC........0 #### ## ------ :........| --------.---# ---------- |..........|# |...........# |..........| ------------ Cyc the Exhumer St:18 Dx:11 Co:17 In:17 Wi:16 Ch:9 Neutral S:50930 Dlvl:12 $:0 HP:0(83) Pw:75(75) AC:-1 Xp:11/15889 T:19020 Latest messages: You succeed in cutting away some rock. What do you want to use or apply? [a-chis-uwxzBLPTVXZ or ?*] In what direction do you want to dig? [496321>] You start digging. You hit the rock with all your might. You succeed in cutting away some rock. What do you want to use or apply? [a-chis-uwxzBLPTVXZ or ?*] In what direction do you want to dig? [4796321>] You start digging. You hit the rock with all your might. You make an opening in the wall. You hit the owlbear! You kill the owlbear! The giant ant bites! You kill the giant ant! You hit the wraith! The wraith touches you! You hit the wraith! The wraith touches you! You destroy the wraith! You hit the panther! The panther hits! The panther hits again! The panther bites! You kill the panther! You hit the rothe! The rothe turns to flee. You kill the rothe! You hit the cockatrice! You kill the cockatrice! You hit the leocrotta! The leocrotta misses! The leocrotta bites! The leocrotta hits! What do you want to write with? [- a-ceh-jsuvyOPRTV-XZ or ?*] You write in the dust with your fingertip. The leocrotta hits! The leocrotta misses! The leocrotta hits! What do you want to write with? [- a-ceh-jsuvyOPRTV-XZ or ?*] Do you want to add to the current engraving? [ynq] (y) You add to the writing in the dust with your fingertip. The leocrotta hits! The leocrotta bites! The leocrotta hits! The leocrotta hits! The leocrotta just misses! The leocrotta hits! You die... Do you want your possessions identified? [ynq] (y) Inventory: Amulets o - an uncursed amulet of magical breathing (being worn) Weapons y - a blessed +0 dart j - 3 +0 elven daggers b - a +2 bullwhip named pois fire a - a +0 dwarvish mattock (weapon in hands) s - a blessed +0 guisarme Armor H - a blessed +2 orcish helm (being worn) G - an uncursed +0 pair of leather gloves (being worn) S - an uncursed very burnt very rotted +0 pair of jumping boots (being worn) g - an uncursed +0 elven cloak C - an uncursed +0 elven cloak (being worn) A - an uncursed +0 dwarvish mithril-coat (being worn) Comestibles k - an uncursed smile mold d - an uncursed food ration l - an uncursed tin of soup made from horse meat F - an uncursed lizard corpse Scrolls q - an uncursed scroll of earth Rings O - an uncursed ring of conflict e - an uncursed ring of invisibility W - an uncursed ring of warning (on left hand) Wands X - a wand of cold (0:4) V - a wand of digging named empty? (0:5) Z - a wand of light (0:6) i - a wand of polymorph (0:2) c - a wand of striking (0:5) h - a wand of striking (0:4) u - a wand of undead turning (0:6) Tools B - a blessed bag of holding containing 40 items t - an empty uncursed sack named scam w - an uncursed magic whistle L - an uncursed oil lamp x - an uncursed skeleton key P - an uncursed towel z - a blessed +0 unicorn horn Gems/Stones R - 3 uncursed topaz stones v - a blessed luckstone T - an uncursed touchstone Contents of the bag of holding: 5652 gold pieces an uncursed food ration an uncursed sprig of wolfsbane 3 uncursed tripe rations an uncursed lizard corpse an uncursed lizard corpse an uncursed scroll of magic mapping 3 uncursed scrolls of identify an uncursed scroll of amnesia an uncursed scroll of enchant weapon an uncursed scroll of enchant armor a blessed scroll of enchant armor an uncursed scroll of taming an uncursed scroll of genocide an uncursed scroll of remove curse 3 uncursed scrolls of fire a blessed scroll of charging an uncursed scroll of create monster an uncursed scroll of teleportation an uncursed potion of restore ability a blessed potion of restore ability 5 potions of holy water 2 uncursed potions of water a cursed potion of full healing 4 cursed potions of healing a cursed diluted potion of sleeping a cursed potion of speed an uncursed ring of sustain ability a cursed ring of hunger an uncursed ring of teleport control an uncursed ring of poison resistance a wand of teleportation (0:4) a wand of create monster (0:0) a wand of opening (0:3) an uncursed wooden flute 7 uncursed wax candles an uncursed oil lamp an uncursed dilithium crystal 2 uncursed jade stones an uncursed jet stone Cyc the Archeologist's attributes: Background: You were an Exhumer, a level 11 male gnomish Archeologist. You were neutral, on a mission for Camaxtli who was opposed by Quetzalcoatl (lawful) and Huhetotl (chaotic). You were right-handed. You were in the Dungeons of Doom, on level 12. You entered the dungeon 19020 turns ago. It was the midnight hour. You had 15889 experience points, 4111 more were needed to attain level 12. Your score was 50930 before end-of-game adjustments. Basics: You had 0 out of 83 hit points. You had all 75 energy points (spell power). Your armor class was -1. Your wallet was empty, but you had 5652 zorkmids stashed away in your pack. Autopickup was on for '0' plus thrown, with exceptions. Final Characteristics: Your strength was 18 (limit:18/50). Your dexterity was 11 (limit:18). Your constitution was 17 (limit:18). Your intelligence was 17 (limit:19). Your wisdom was 16 (limit:18). Your charisma was 9 (limit:18). Final Status: You weren't hungry. You were unencumbered. You were wielding a mattock. You had expert skill with pick-axe. Final Attributes: You were piously aligned. You were fire resistant. You were sleep resistant. You were poison resistant. You were telepathic. You were warned. You had automatic searching. You had infravision. You were stealthy. You could jump. You could survive without air. You were guarded. You were fast. You were lucky. You had extra luck. Good luck did not time out for you. You are dead. Miscellaneous: You never encountered a bones level. Total elapsed playing time was 10 hours, 47 minutes and 5 seconds. Major events: Turn 1: cyc the neutral male gnomish Archeologist entered the dungeon 1167: attained the rank of Field Worker (level 3) 1201: entered the Gnomish Mines 4300: reached Mine Town 4550: attained the rank of Investigator (level 6) 8359: entered Sokoban 8932: completed 1st Sokoban level 9562: completed 2nd Sokoban level 10116: completed 3rd Sokoban level 11499: completed 4th Sokoban level 12953: attained the rank of Exhumer (level 10) 16941: acquired the Sokoban bag of holding 19020: killed by a leocrotta Vanquished creatures: a lurker above a ghost 2 giant mimics a long worm an ogre tyrant a flesh golem an elven monarch a stalker an earth elemental a hill giant a xorn a water demon a winter wolf a small mimic a glass piercer a xan an ettin mummy an ogre leader a quantum mechanic a troll 2 wood golems 3 gelatinous cubes a pyrolisk 3 freezing spheres 2 flaming spheres a shocking sphere 2 large cats 4 tigers a dwarf ruler 4 tengu a leocrotta 3 energy vortices an elf mummy a human mummy a red naga 2 pit vipers a cobra 2 wraiths 2 carnivorous apes a leather golem a Grey-elf a soldier 2 amorous demons 4 chameleons a crocodile 2 giant beetles 5 cockatrices 3 winter wolf cubs 3 panthers 6 leprechauns 9 orc-captains 3 iron piercers a mumak 2 scorpions a horse 4 black lights a vampire bat 3 forest centaurs 5 brown puddings 2 owlbears 4 lizards 4 dingoes a dog a jaguar a dwarf leader a blue jelly 3 white unicorns 2 dust vortices 2 ravens 4 plains centaurs a snake 9 Woodland-elves a soldier ant 3 fire ants 21 bugbears a wood nymph 3 Mordor orcs 20 Uruk-hai 12 orc shamans 2 rock piercers 5 rock moles a pony a fog cloud 8 yellow lights a shrieker a violet fungus 6 gnome leaders 2 gnomish wizards 2 gray oozes 6 elf zombies 2 ghouls a straw golem 2 paper golems 7 giant ants 3 little dogs 11 floating eyes 2 kittens 7 dwarves a homunculus 2 kobold leaders 3 kobold shamans 27 hill orcs 12 rothes a rabid rat a centipede 3 giant bats 3 orc zombies 3 wererats 2 werejackals 12 iguanas 2 acid blobs 4 coyotes 2 gas spores 4 hobbits 4 manes 5 large kobolds 24 hobgoblins 13 giant rats 4 cave spiders a brown mold 2 yellow molds 2 red molds 13 gnomes 9 garter snakes 2 gnome zombies 11 geckos 19 jackals 2 foxes a kobold 10 goblins 3 sewer rats 17 grid bugs 2 bats 9 lichens 5 kobold zombies 11 newts 533 creatures vanquished. No species were genocided or became extinct. Voluntary challenges: You read items or engraved 23 times. You engraved Elbereth 3 times. You never genocided any monsters. You never changed form. You used no wishes. You violated the special Sokoban rules once. Achievements: You entered a shop. You attained the rank of Field Worker. You entered the Gnomish Mines. You entered Minetown. You attained the rank of Investigator. You entered Sokoban. You attained the rank of Exhumer. You completed Sokoban. The Dungeons of Doom: levels 1 to 16 Level 1: Many fountains, a grave. Level 2: A potion shop. Level 3: "loot" A shop, a fountain, some sinks. Stairs down to The Gnomish Mines. Level 4: "leprech" Level 5: A fountain. Level 6: "remember FLUTE" An altar to Camaxtli. Level 7: Level 8: Many fountains. Level 9: Stairs up to Sokoban, level 8. Level 10: "leocrotta" A fountain. Level 11: A fountain. Level 12: "lepr hall" <- You were here. Final resting place for you, killed by a leocrotta. Level 13: Level 14: Level 15: "throne" A throne. Summoned by Lord Carnarvon. Portal to The Quest. Level 16: A primitive area. The Gnomish Mines: levels 4 to 8 Level 4: Level 5: Level 6: Level 7: An altar to Camaxtli, a fountain. Level 8: The Quest: Level 1: Home. Sokoban: levels 8 up to 5 Level 5: Solved. Level 6: "mumak, succubus, xorn up" Solved. Level 7: Solved. Level 8: Solved. Game over: ---------- / \ / REST \ / IN \ / PEACE \ / \ | cyc | | 5652 Au | | killed by a | | leocrotta | | | | | | 2024 | *| * * * | * _________)/\\_//(\/(/\)/\//\/|_)_______ Goodbye cyc the Archeologist... You died in The Dungeons of Doom on dungeon level 12 with 50365 points, and 5652 pieces of gold, after 19020 moves. You were level 11 with a maximum of 83 hit points when you died.